[ PARTIDA AOE2 · #482864089 ]
UnrankedTupíes vs Byzantines
[ ANÁLISIS DE REPETICIÓN · EXTRAÍDO DE LA PARTIDA GRABADA ]
Feudal
10:59
Castillos
14:38
Imperial
34:14
| APM promedio | 55.0 |
| APM pico | 118 |
| eAPM promedio | 28.0 |
| Aldeanos / militares | 110 / 2 |
Foco
⚔️ 47.2% · 🌾 52.8%
Unknown (2579) ×205 · Trade Cart ×6 · Trebuchet (Packed) ×2
Feudal
11:46
Castillos
15:34
Imperial
30:46
| APM promedio | 47.4 |
| APM pico | 107 |
| eAPM promedio | 20.6 |
| Aldeanos / militares | 144 / 128 |
Foco
⚔️ 38.8% · 🌾 61.2%
Plumed Archer ×113 · Trade Cart ×27 · Trebuchet (Packed) ×9 · Archer ×6
Feudal
10:08
Castillos
15:31
Imperial
33:06
| APM promedio | 53.5 |
| APM pico | 112 |
| eAPM promedio | 32.5 |
| Aldeanos / militares | 163 / 255 |
Foco
⚔️ 37.8% · 🌾 62.2%
Spearman ×113 · Skirmisher ×86 · Cataphract ×49 · Mangonel ×3 · Trebuchet (Packed) ×3 · Monk ×1
Feudal
10:58
Castillos
14:28
Imperial
37:29
| APM promedio | 37.5 |
| APM pico | 81 |
| eAPM promedio | 19.3 |
| Aldeanos / militares | 143 / 214 |
Foco
⚔️ 37.7% · 🌾 62.3%
Knight ×105 · Cavalry Archer ×53 · Skirmisher ×25 · Trade Cart ×19 · Scout Cavalry ×18 · Trebuchet (Packed) ×5
Feudal
8:56
Castillos
17:30
Imperial
33:15
| APM promedio | 45.6 |
| APM pico | 82 |
| eAPM promedio | 25.2 |
| Aldeanos / militares | 215 / 120 |
Foco
⚔️ 28.0% · 🌾 72.0%
Mangudai ×88 · Scout Cavalry ×20 · Battering Ram ×10 · Mangonel ×1 · Scorpion ×1
Feudal
9:41
Castillos
17:27
Imperial
33:35
| APM promedio | 58.1 |
| APM pico | 103 |
| eAPM promedio | 35.3 |
| Aldeanos / militares | 308 / 140 |
Foco
⚔️ 36.8% · 🌾 63.2%
Knight ×140
Feudal
10:07
Castillos
13:43
Imperial
31:06
| APM promedio | 65.0 |
| APM pico | 130 |
| eAPM promedio | 35.4 |
| Aldeanos / militares | 159 / 27 |
Foco
⚔️ 44.3% · 🌾 55.7%
Unknown (2586) ×172 · Unknown (2550) ×166 · Battering Ram ×19 · Trade Cart ×18 · Trebuchet (Packed) ×6 · Monk ×1
Feudal
11:46
Castillos
15:17
Imperial
32:35
| APM promedio | 61.1 |
| APM pico | 145 |
| eAPM promedio | 30.2 |
| Aldeanos / militares | 213 / 177 |
Foco
⚔️ 48.9% · 🌾 51.1%
Archer ×129 · Skirmisher ×40 · Trebuchet (Packed) ×6 · Mangonel ×2
Mapa de la partida
Recursos iniciales + cada clic de construcción. Líneas = muros · curvas = relieve. ◆ oro · ⬟ piedra · ● bayas · ✦ reliquia · ◌ hueco del cierre
Tu base· ✓ Cerrada en 14:38 · 40t muro · sin puerta
Base de MDkaiserotto· ✓ Cerrada en 15:34 · 82t muro · sin puerta
Base de VN_DarK_KnighT_· Abierta — flanco sin cerrar
Base de Mo_Tastic· ✓ Cerrada en 14:28 · 21t muro · 1 puerta(s)
Base de VN_MiLLeNcOlin· Abierta — flanco sin cerrar
Base de Baldeitus· Abierta — flanco sin cerrar
Base de Oni.TaToH· ✓ Cerrada en 13:43 · 20t muro · sin puerta
Base de Milldeitus· Abierta — flanco sin cerrar
Terreno inicial suavizado · ◌ = hueco del cierre detectado · pasá el cursor para detalles
Inputs por minuto
— RoR | Carnage_ - - MDkaiserotto
Build order — RoR | Carnage_
Primeras 150 de 455 acciones detectadas
| 0:02 | Crear | Villager (Male) |
| 0:03 | Construir | House |
| 0:04 | Construir | House |
| 0:19 | Crear | Villager (Male) |
| 0:20 | Crear | Villager (Male) |
| 0:50 | Crear | Villager (Male) |
| 1:20 | Crear | Villager (Male) |
| 1:41 | Crear | Villager (Male) |
| 2:08 | Construir | Settlement |
| 2:17 | Crear | Villager (Male) |
| 2:36 | Crear | Villager (Male) |
| 2:45 | Crear | Villager (Male) |
| 3:19 | Crear | Villager (Male) |
| 3:46 | Crear | Villager (Male) |
| 4:19 | Construir | Settlement |
| 4:25 | Crear | Villager (Male) |
| 4:28 | Crear | Villager (Male) |
| 5:14 | Construir | Palisade Wall |
| 5:17 | Crear | Villager (Male) |
| 5:43 | Construir | Settlement |
| 5:48 | Crear | Villager (Male) |
| 6:05 | Crear | Villager (Male) |
| 6:17 | Construir | Palisade Wall |
| 6:21 | Crear | Villager (Male) |
| 6:27 | Crear | Villager (Male) |
| 6:27 | Investigar | Loom |
| 6:46 | Construir | Palisade Wall |
| 6:54 | Construir | Palisade Wall |
| 6:56 | Crear | Villager (Male) |
| 7:27 | Crear | Villager (Male) |
| 7:51 | Construir | House |
| 7:57 | Construir | Palisade Wall |
| 7:59 | Crear | Villager (Male) |
| 8:05 | Construir | Farm |
| 8:11 | Crear | Villager (Male) |
| 8:20 | Construir | Palisade Wall |
| 8:31 | Investigar | Feudal Age |
| 8:31 | Investigar | Feudal Age |
| 10:00 | Construir | House |
| 10:13 | Crear | Villager (Male) |
| 10:51 | Construir | House |
| 10:59 | Edad | Edad Feudal |
| 11:00 | Construir | Market |
| 11:02 | Construir | Blacksmith |
| 11:18 | Crear | Villager (Male) |
| 11:58 | Investigar | Castle Age |
| 12:06 | Construir | Palisade Wall |
| 12:10 | Construir | Palisade Wall |
| 12:13 | Construir | House |
| 12:18 | Construir | House |
| 12:50 | Construir | House |
| 13:05 | Investigar | Double-Bit Axe |
| 13:05 | Investigar | Double-Bit Axe |
| 13:16 | Construir | House |
| 13:48 | Investigar | Horse Collar |
| 13:48 | Investigar | Horse Collar |
| 13:54 | Crear | Villager (Male) |
| 14:38 | Edad | Edad de los Castillos |
| 14:46 | Construir | Castle |
| 14:52 | Crear | Villager (Male) |
| 15:00 | Construir | Farm |
| 15:01 | Construir | Farm |
| 15:04 | Crear | Villager (Male) |
| 15:08 | Construir | Farm |
| 15:12 | Construir | Farm |
| 15:19 | Investigar | Fletching |
| 15:28 | Construir | Farm |
| 15:29 | Crear | Villager (Male) |
| 15:32 | Construir | Farm |
| 15:49 | Construir | Farm |
| 15:55 | Crear | Villager (Male) |
| 16:04 | Crear | Unit 2579 |
| 16:10 | Construir | Farm |
| 16:21 | Crear | Unit 2579 |
| 16:22 | Crear | Villager (Male) |
| 16:31 | Crear | Unit 2579 |
| 16:42 | Crear | Unit 2579 |
| 16:54 | Crear | Villager (Male) |
| 17:02 | Construir | Farm |
| 17:07 | Crear | Unit 2579 |
| 17:22 | Crear | Villager (Male) |
| 17:27 | Crear | Unit 2579 |
| 17:32 | Construir | House |
| 17:33 | Construir | House |
| 17:36 | Crear | Villager (Male) |
| 17:50 | Crear | Unit 2579 |
| 17:52 | Crear | Villager (Male) |
| 17:56 | Construir | Farm |
| 18:10 | Investigar | Bodkin Arrow |
| 18:14 | Crear | Villager (Male) |
| 18:36 | Construir | Farm |
| 18:38 | Crear | Villager (Male) |
| 18:45 | Construir | Farm |
| 18:59 | Crear | Unit 2579 |
| 19:19 | Crear | Unit 2579 |
| 19:19 | Crear | Villager (Male) |
| 19:20 | Crear | Villager (Male) |
| 19:25 | Crear | Unit 2579 |
| 19:49 | Crear | Villager (Male) |
| 19:50 | Crear | Unit 2579 |
| 19:51 | Crear | Unit 2579 |
| 19:55 | Crear | Villager (Male) |
| 20:02 | Construir | Town Center |
| 20:13 | Crear | Unit 2579 |
| 20:22 | Investigar | Padded Archer Armor |
| 20:22 | Crear | Villager (Male) |
| 20:31 | Crear | Unit 2579 |
| 20:38 | Crear | Villager (Male) |
| 20:49 | Construir | Settlement |
| 21:21 | Crear | Villager (Male) |
| 21:21 | Crear | Villager (Male) |
| 21:21 | Crear | Villager (Male) |
| 21:25 | Investigar | Bow Saw |
| 21:42 | Crear | Unit 2579 |
| 21:54 | Crear | Unit 2579 |
| 21:56 | Crear | Unit 2579 |
| 22:14 | Crear | Villager (Male) |
| 22:19 | Crear | Villager (Male) |
| 22:34 | Crear | Unit 2579 |
| 22:34 | Crear | Villager (Male) |
| 22:39 | Construir | Outpost |
| 22:40 | Construir | Outpost |
| 22:41 | Construir | Outpost |
| 22:43 | Construir | Outpost |
| 22:50 | Crear | Villager (Male) |
| 22:51 | Crear | Villager (Male) |
| 22:56 | Construir | Town Center |
| 23:02 | Crear | Unit 2579 |
| 23:10 | Crear | Villager (Male) |
| 23:10 | Crear | Villager (Male) |
| 23:10 | Crear | Villager (Male) |
| 23:15 | Construir | Farm |
| 23:25 | Crear | Villager (Male) |
| 23:26 | Crear | Villager (Male) |
| 23:28 | Construir | Farm |
| 23:45 | Crear | Unit 2579 |
| 23:45 | Crear | Unit 2579 |
| 23:46 | Crear | Unit 2579 |
| 23:55 | Construir | Farm |
| 23:56 | Construir | Farm |
| 24:08 | Crear | Villager (Male) |
| 24:09 | Crear | Villager (Male) |
| 24:09 | Crear | Villager (Male) |
| 24:12 | Construir | Farm |
| 24:27 | Crear | Unit 2579 |
| 24:32 | Crear | Villager (Male) |
| 24:33 | Crear | Villager (Male) |
| 24:36 | Construir | Farm |
| 24:37 | Construir | Farm |
| 24:38 | Construir | Farm |
Build order — MDkaiserotto
Primeras 150 de 425 acciones detectadas
| 0:01 | Investigar | Loom |
| 0:02 | Crear | Villager (Male) |
| 0:02 | Construir | House |
| 0:04 | Construir | House |
| 0:26 | Crear | Villager (Male) |
| 0:26 | Crear | Villager (Male) |
| 1:10 | Crear | Villager (Male) |
| 1:10 | Crear | Villager (Male) |
| 1:43 | Crear | Villager (Male) |
| 1:43 | Crear | Villager (Male) |
| 1:48 | Construir | Lumber Camp |
| 2:28 | Crear | Villager (Male) |
| 2:28 | Crear | Villager (Male) |
| 2:39 | Crear | Villager (Male) |
| 2:39 | Crear | Villager (Male) |
| 3:07 | Crear | Villager (Male) |
| 3:32 | Crear | Villager (Male) |
| 3:51 | Construir | House |
| 3:52 | Construir | House |
| 4:08 | Crear | Villager (Male) |
| 4:10 | Crear | Villager (Male) |
| 4:10 | Crear | Villager (Male) |
| 4:41 | Construir | Palisade Wall |
| 4:46 | Construir | Mill |
| 4:51 | Crear | Villager (Male) |
| 4:51 | Crear | Villager (Male) |
| 5:04 | Crear | Villager (Male) |
| 5:34 | Crear | Villager (Male) |
| 5:36 | Crear | Villager (Male) |
| 6:03 | Construir | Palisade Wall |
| 6:21 | Construir | Mining Camp |
| 6:28 | Construir | Mining Camp |
| 6:44 | Construir | Palisade Wall |
| 6:45 | Crear | Villager (Male) |
| 6:50 | Construir | Palisade Wall |
| 6:51 | Construir | Palisade Wall |
| 6:53 | Construir | Palisade Wall |
| 7:02 | Crear | Villager (Male) |
| 7:07 | Construir | Palisade Wall |
| 7:09 | Crear | Villager (Male) |
| 7:21 | Crear | Villager (Male) |
| 7:23 | Construir | Farm |
| 7:57 | Construir | House |
| 8:12 | Crear | Villager (Male) |
| 8:19 | Crear | Villager (Male) |
| 8:19 | Crear | Villager (Male) |
| 8:23 | Construir | Farm |
| 8:58 | Crear | Villager (Male) |
| 9:22 | Construir | Mining Camp |
| 9:26 | Investigar | Feudal Age |
| 10:14 | Crear | Villager (Male) |
| 10:15 | Crear | Villager (Male) |
| 11:46 | Edad | Edad Feudal |
| 11:51 | Construir | Market |
| 11:58 | Construir | Blacksmith |
| 12:54 | Investigar | Castle Age |
| 13:25 | Construir | House |
| 13:26 | Construir | House |
| 13:33 | Construir | Stone Wall |
| 13:33 | Construir | Stone Wall |
| 13:34 | Construir | Stone Wall |
| 13:35 | Construir | Stone Wall |
| 13:37 | Construir | Stone Wall |
| 13:38 | Construir | Stone Wall |
| 13:42 | Construir | Stone Wall |
| 13:44 | Crear | Villager (Male) |
| 13:48 | Construir | Stone Wall |
| 13:49 | Construir | Stone Wall |
| 13:50 | Construir | Stone Wall |
| 13:51 | Construir | Stone Wall |
| 13:51 | Construir | Stone Wall |
| 13:55 | Construir | Stone Wall |
| 13:55 | Construir | Stone Wall |
| 13:56 | Construir | Stone Wall |
| 13:56 | Construir | Stone Wall |
| 13:59 | Construir | Stone Wall |
| 14:46 | Investigar | Double-Bit Axe |
| 14:48 | Investigar | Horse Collar |
| 14:52 | Investigar | Fletching |
| 15:00 | Construir | House |
| 15:01 | Construir | House |
| 15:34 | Edad | Edad de los Castillos |
| 15:39 | Construir | Castle |
| 15:41 | Investigar | Bow Saw |
| 15:54 | Crear | Villager (Male) |
| 16:03 | Construir | Farm |
| 16:05 | Construir | Farm |
| 16:14 | Construir | Farm |
| 16:18 | Crear | Villager (Male) |
| 16:24 | Crear | Villager (Male) |
| 16:28 | Crear | Villager (Male) |
| 16:34 | Construir | Farm |
| 16:35 | Crear | Villager (Male) |
| 16:52 | Crear | Villager (Male) |
| 17:01 | Crear | Villager (Male) |
| 17:15 | Construir | Farm |
| 17:18 | Construir | Farm |
| 17:18 | Crear | Villager (Male) |
| 17:19 | Crear | Villager (Male) |
| 17:25 | Crear | Villager (Male) |
| 17:26 | Crear | Plumed Archer |
| 17:26 | Crear | Plumed Archer |
| 17:33 | Construir | Farm |
| 17:40 | Crear | Villager (Male) |
| 17:43 | Construir | Farm |
| 17:47 | Construir | Farm |
| 17:59 | Construir | Farm |
| 18:04 | Crear | Plumed Archer |
| 18:04 | Crear | Plumed Archer |
| 18:14 | Crear | Villager (Male) |
| 18:27 | Crear | Plumed Archer |
| 18:31 | Crear | Villager (Male) |
| 18:37 | Investigar | Fletching |
| 18:38 | Crear | Villager (Male) |
| 18:54 | Crear | Plumed Archer |
| 18:54 | Crear | Plumed Archer |
| 19:06 | Crear | Plumed Archer |
| 19:36 | Crear | Plumed Archer |
| 19:36 | Crear | Plumed Archer |
| 19:51 | Investigar | Bodkin Arrow |
| 19:56 | Construir | Town Center |
| 20:20 | Crear | Villager (Male) |
| 20:20 | Crear | Villager (Male) |
| 20:22 | Construir | Farm |
| 20:23 | Construir | Farm |
| 20:33 | Crear | Plumed Archer |
| 20:44 | Crear | Villager (Male) |
| 20:45 | Crear | Villager (Male) |
| 20:49 | Crear | Villager (Male) |
| 20:59 | Construir | Town Center |
| 21:00 | Crear | Plumed Archer |
| 21:09 | Crear | Villager (Male) |
| 21:09 | Crear | Villager (Male) |
| 21:11 | Crear | Villager (Male) |
| 21:14 | Crear | Plumed Archer |
| 21:24 | Crear | Villager (Male) |
| 21:27 | Construir | Farm |
| 21:28 | Crear | Villager (Male) |
| 21:30 | Crear | Villager (Male) |
| 21:39 | Crear | Plumed Archer |
| 22:04 | Crear | Villager (Male) |
| 22:05 | Crear | Villager (Male) |
| 22:05 | Crear | Villager (Male) |
| 22:05 | Crear | Villager (Male) |
| 22:07 | Crear | Plumed Archer |
| 22:07 | Crear | Plumed Archer |
| 22:11 | Construir | Farm |
| 22:13 | Construir | Farm |
| 22:23 | Crear | Villager (Male) |
| 22:23 | Crear | Villager (Male) |
Build order — VN_DarK_KnighT_
Primeras 150 de 500 acciones detectadas
| 0:02 | Crear | Villager (Male) ×4 |
| 0:02 | Crear | Villager (Male) ×4 |
| 0:03 | Construir | House |
| 0:03 | Construir | House |
| 1:25 | Crear | Villager (Male) |
| 1:26 | Crear | Villager (Male) |
| 1:53 | Crear | Villager (Male) |
| 1:58 | Construir | Lumber Camp |
| 2:25 | Crear | Villager (Male) |
| 2:58 | Crear | Villager (Male) |
| 2:58 | Crear | Villager (Male) |
| 3:19 | Crear | Villager (Male) |
| 3:19 | Crear | Villager (Male) |
| 3:33 | Crear | Villager (Male) |
| 3:52 | Construir | House |
| 4:06 | Crear | Villager (Male) |
| 4:06 | Crear | Villager (Male) |
| 4:21 | Construir | House |
| 4:24 | Crear | Villager (Male) |
| 4:24 | Crear | Villager (Male) |
| 5:00 | Construir | Palisade Wall |
| 5:21 | Crear | Villager (Male) |
| 5:30 | Crear | Villager (Male) |
| 5:47 | Crear | Villager (Male) |
| 5:50 | Construir | Mining Camp |
| 6:21 | Construir | Palisade Wall |
| 6:25 | Construir | Palisade Wall |
| 6:25 | Crear | Villager (Male) |
| 6:26 | Crear | Villager (Male) |
| 6:51 | Construir | Palisade Wall |
| 7:12 | Construir | House |
| 7:27 | Crear | Villager (Male) |
| 7:30 | Construir | Palisade Wall |
| 7:45 | Construir | Palisade Wall |
| 7:54 | Investigar | Feudal Age |
| 8:36 | Construir | Mill |
| 9:03 | Crear | Villager (Male) |
| 9:04 | Investigar | Loom |
| 9:45 | Construir | Farm |
| 9:47 | Construir | Farm |
| 9:54 | Construir | Farm |
| 10:00 | Construir | Farm |
| 10:08 | Edad | Edad Feudal |
| 10:45 | Construir | Blacksmith |
| 10:50 | Crear | Villager (Male) |
| 10:52 | Crear | Villager (Male) |
| 11:47 | Crear | Villager (Male) |
| 11:57 | Construir | Market |
| 12:00 | Crear | Villager (Male) |
| 12:33 | Construir | House |
| 12:51 | Investigar | Castle Age |
| 12:51 | Investigar | Castle Age |
| 12:58 | Construir | House |
| 13:02 | Construir | House |
| 13:15 | Construir | Palisade Wall |
| 13:16 | Construir | Palisade Wall |
| 13:27 | Investigar | Horse Collar |
| 14:37 | Investigar | Double-Bit Axe |
| 15:06 | Construir | House |
| 15:23 | Crear | Villager (Male) |
| 15:31 | Edad | Edad de los Castillos |
| 15:32 | Construir | Palisade Wall |
| 15:34 | Crear | Villager (Male) |
| 15:37 | Construir | Town Center |
| 15:46 | Construir | Town Center |
| 15:51 | Construir | House |
| 15:52 | Crear | Villager (Male) |
| 15:55 | Investigar | Bow Saw |
| 16:01 | Construir | Farm |
| 16:12 | Construir | House |
| 16:28 | Construir | Farm |
| 16:31 | Crear | Villager (Male) |
| 16:42 | Construir | Farm |
| 16:45 | Construir | House |
| 16:48 | Crear | Villager (Male) |
| 17:10 | Construir | House |
| 17:12 | Crear | Villager (Male) |
| 17:12 | Crear | Villager (Male) |
| 17:12 | Crear | Villager (Male) |
| 17:26 | Construir | Farm |
| 17:30 | Construir | Farm |
| 17:34 | Construir | Farm |
| 17:34 | Crear | Villager (Male) |
| 17:40 | Crear | Villager (Male) |
| 17:45 | Construir | Farm |
| 17:46 | Crear | Villager (Male) |
| 17:47 | Crear | Villager (Male) |
| 17:52 | Construir | Farm |
| 18:04 | Construir | Farm |
| 18:08 | Construir | Farm |
| 18:08 | Crear | Villager (Male) |
| 18:11 | Construir | Farm |
| 18:24 | Construir | House |
| 18:26 | Construir | House |
| 18:27 | Crear | Villager (Male) |
| 18:33 | Construir | Farm |
| 18:35 | Construir | House |
| 18:44 | Crear | Villager (Male) |
| 18:46 | Construir | House |
| 18:50 | Construir | Farm |
| 19:00 | Construir | House |
| 19:02 | Construir | House |
| 19:04 | Crear | Villager (Male) ×2 |
| 19:12 | Construir | House |
| 19:15 | Crear | Villager (Male) |
| 19:15 | Crear | Villager (Male) |
| 19:19 | Construir | Farm |
| 19:25 | Construir | House |
| 19:28 | Crear | Villager (Male) |
| 19:33 | Crear | Villager (Male) |
| 19:37 | Construir | Farm |
| 19:38 | Construir | Farm |
| 19:43 | Construir | Farm |
| 19:47 | Crear | Villager (Male) |
| 19:59 | Crear | Villager (Male) |
| 19:59 | Crear | Villager (Male) |
| 20:06 | Construir | Farm |
| 20:09 | Construir | Farm |
| 20:09 | Crear | Villager (Male) |
| 20:15 | Crear | Villager (Male) |
| 20:15 | Crear | Villager (Male) |
| 20:32 | Crear | Villager (Male) |
| 20:35 | Construir | Lumber Camp |
| 20:41 | Crear | Villager (Male) |
| 20:41 | Crear | Villager (Male) |
| 20:44 | Construir | Farm |
| 20:46 | Crear | Villager (Male) |
| 21:00 | Crear | Villager (Male) |
| 21:17 | Construir | Lumber Camp |
| 21:18 | Crear | Villager (Male) |
| 21:23 | Crear | Villager (Male) |
| 21:29 | Crear | Villager (Male) |
| 21:40 | Construir | Farm |
| 21:41 | Construir | Farm |
| 21:45 | Investigar | Wheelbarrow |
| 21:50 | Construir | Palisade Wall |
| 21:56 | Construir | House |
| 21:57 | Crear | Villager (Male) |
| 22:02 | Crear | Villager (Male) |
| 22:02 | Crear | Villager (Male) |
| 22:05 | Construir | Farm |
| 22:06 | Construir | Farm |
| 22:10 | Construir | Farm |
| 22:13 | Crear | Villager (Male) |
| 22:19 | Crear | Villager (Male) |
| 22:24 | Crear | Villager (Male) |
| 22:31 | Construir | Barracks |
| 22:32 | Crear | Villager (Male) |
| 22:40 | Crear | Villager (Male) |
| 22:42 | Crear | Villager (Male) |
Build order — Mo_Tastic
Primeras 150 de 474 acciones detectadas
| 0:01 | Crear | Villager (Male) |
| 0:01 | Crear | Villager (Male) |
| 0:20 | Crear | Villager (Male) |
| 0:21 | Crear | Villager (Male) |
| 0:21 | Crear | Villager (Male) |
| 1:12 | Crear | Villager (Male) |
| 1:12 | Crear | Villager (Male) |
| 1:19 | Construir | Lumber Camp |
| 1:44 | Crear | Villager (Male) |
| 1:45 | Crear | Villager (Male) |
| 2:14 | Crear | Villager (Male) |
| 2:14 | Crear | Villager (Male) |
| 2:50 | Crear | Villager (Male) |
| 3:02 | Crear | Villager (Male) |
| 3:48 | Crear | Villager (Male) |
| 3:49 | Crear | Villager (Male) |
| 4:00 | Crear | Villager (Male) |
| 4:02 | Construir | Mill |
| 4:29 | Crear | Villager (Male) |
| 4:29 | Crear | Villager (Male) |
| 5:02 | Crear | Villager (Male) |
| 5:02 | Crear | Villager (Male) |
| 5:02 | Crear | Villager (Male) |
| 5:30 | Crear | Villager (Male) |
| 5:31 | Crear | Villager (Male) |
| 6:03 | Crear | Villager (Male) |
| 6:11 | Crear | Villager (Male) |
| 6:11 | Crear | Villager (Male) |
| 6:20 | Construir | Barracks |
| 6:23 | Construir | Palisade Wall |
| 6:27 | Construir | Palisade Wall |
| 7:07 | Crear | Villager (Male) |
| 7:25 | Construir | Mining Camp |
| 7:31 | Crear | Villager (Male) |
| 8:05 | Crear | Villager (Male) |
| 8:42 | Investigar | Feudal Age |
| 9:30 | Construir | Farm |
| 9:33 | Construir | Farm |
| 10:55 | Crear | Villager (Male) |
| 10:55 | Crear | Villager (Male) |
| 10:58 | Edad | Edad Feudal |
| 11:00 | Construir | Archery Range |
| 11:02 | Construir | Blacksmith |
| 11:45 | Construir | Palisade Wall |
| 11:48 | Investigar | Castle Age |
| 12:04 | Investigar | Double-Bit Axe |
| 12:14 | Construir | Archery Range |
| 12:52 | Investigar | Horse Collar |
| 13:00 | Construir | Gate |
| 13:06 | Construir | Stone Wall |
| 13:07 | Construir | Stone Wall |
| 13:08 | Construir | Stone Wall |
| 13:23 | Investigar | Fletching |
| 13:26 | Investigar | Loom |
| 14:08 | Construir | Farm |
| 14:10 | Construir | Farm |
| 14:13 | Construir | Farm |
| 14:28 | Edad | Edad de los Castillos |
| 14:29 | Investigar | Bodkin Arrow |
| 14:30 | Crear | Cavalry Archer |
| 14:39 | Crear | Cavalry Archer |
| 14:50 | Crear | Villager (Male) |
| 14:50 | Crear | Villager (Male) |
| 15:06 | Crear | Villager (Male) |
| 15:09 | Crear | Cavalry Archer |
| 15:21 | Crear | Cavalry Archer |
| 15:21 | Crear | Cavalry Archer |
| 15:31 | Construir | Town Center |
| 15:34 | Crear | Villager (Male) |
| 15:48 | Crear | Cavalry Archer |
| 15:48 | Crear | Cavalry Archer |
| 15:56 | Construir | Farm |
| 15:57 | Construir | Farm |
| 16:01 | Crear | Villager (Male) |
| 16:05 | Crear | Villager (Male) |
| 16:22 | Crear | Cavalry Archer |
| 16:23 | Crear | Cavalry Archer |
| 16:29 | Investigar | Gold Mining |
| 16:29 | Investigar | Gold Mining |
| 16:45 | Crear | Villager (Male) |
| 16:45 | Crear | Villager (Male) |
| 16:50 | Construir | Farm |
| 16:54 | Crear | Cavalry Archer |
| 16:54 | Crear | Cavalry Archer |
| 17:00 | Crear | Villager (Male) |
| 17:16 | Crear | Villager (Male) |
| 17:19 | Construir | Farm |
| 17:29 | Construir | Farm |
| 17:32 | Crear | Villager (Male) |
| 17:40 | Crear | Cavalry Archer |
| 17:41 | Crear | Cavalry Archer |
| 17:45 | Crear | Villager (Male) |
| 18:02 | Crear | Villager (Male) |
| 18:02 | Crear | Villager (Male) |
| 18:04 | Construir | Farm |
| 18:13 | Construir | Farm |
| 18:14 | Crear | Villager (Male) |
| 18:36 | Crear | Villager (Male) |
| 18:38 | Crear | Cavalry Archer |
| 18:38 | Crear | Cavalry Archer |
| 18:38 | Crear | Cavalry Archer |
| 18:54 | Crear | Villager (Male) |
| 18:55 | Crear | Villager (Male) |
| 19:05 | Crear | Cavalry Archer |
| 19:05 | Crear | Cavalry Archer |
| 19:05 | Crear | Cavalry Archer |
| 19:17 | Crear | Villager (Male) |
| 19:25 | Construir | Farm |
| 19:27 | Crear | Villager (Male) |
| 19:31 | Construir | Farm |
| 19:34 | Construir | Farm |
| 19:35 | Construir | Farm |
| 19:38 | Crear | Villager (Male) |
| 19:47 | Construir | Farm |
| 19:48 | Crear | Villager (Male) |
| 19:54 | Crear | Villager (Male) |
| 20:05 | Crear | Villager (Male) |
| 20:12 | Construir | Mining Camp |
| 20:15 | Crear | Villager (Male) |
| 20:33 | Investigar | Bow Saw |
| 20:33 | Investigar | Bow Saw |
| 20:39 | Construir | Farm |
| 20:43 | Crear | Villager (Male) |
| 20:43 | Crear | Villager (Male) |
| 20:48 | Construir | Farm |
| 20:53 | Construir | Farm |
| 21:04 | Crear | Villager (Male) |
| 21:11 | Crear | Villager (Male) |
| 21:19 | Crear | Villager (Male) |
| 21:57 | Crear | Cavalry Archer |
| 21:57 | Crear | Cavalry Archer |
| 21:58 | Crear | Cavalry Archer |
| 21:59 | Crear | Villager (Male) |
| 21:59 | Crear | Villager (Male) |
| 21:59 | Crear | Villager (Male) |
| 22:06 | Construir | Town Center |
| 22:11 | Crear | Villager (Male) |
| 22:23 | Investigar | Padded Archer Armor |
| 22:23 | Investigar | Padded Archer Armor |
| 22:34 | Construir | Farm |
| 22:35 | Construir | Farm |
| 22:38 | Investigar | Heavy Plow |
| 22:40 | Crear | Villager (Male) |
| 22:46 | Crear | Cavalry Archer |
| 22:46 | Crear | Cavalry Archer |
| 22:47 | Crear | Cavalry Archer |
| 22:49 | Construir | Farm |
| 22:59 | Construir | Lumber Camp |
| 23:01 | Crear | Villager (Male) |
| 23:19 | Crear | Villager (Male) |
Build order — VN_MiLLeNcOlin
Primeras 150 de 509 acciones detectadas
| 0:02 | Crear | Villager (Male) |
| 0:03 | Construir | House |
| 0:07 | Construir | House |
| 0:08 | Crear | Villager (Male) |
| 0:09 | Crear | Villager (Male) |
| 0:09 | Crear | Villager (Male) |
| 1:27 | Crear | Villager (Male) |
| 1:28 | Crear | Villager (Male) |
| 1:47 | Construir | Lumber Camp |
| 1:55 | Crear | Villager (Male) |
| 1:55 | Crear | Villager (Male) |
| 2:29 | Crear | Villager (Male) |
| 2:29 | Crear | Villager (Male) |
| 2:47 | Crear | Villager (Male) |
| 2:57 | Construir | House |
| 3:02 | Crear | Villager (Male) |
| 3:34 | Crear | Villager (Male) |
| 3:58 | Crear | Villager (Male) |
| 4:19 | Crear | Villager (Male) |
| 4:20 | Crear | Villager (Male) |
| 4:57 | Crear | Villager (Male) |
| 4:57 | Crear | Villager (Male) |
| 5:22 | Crear | Villager (Male) |
| 5:36 | Construir | Mill |
| 5:57 | Crear | Villager (Male) |
| 6:01 | Investigar | Loom |
| 6:03 | Crear | Villager (Male) |
| 6:14 | Construir | House |
| 6:21 | Crear | Villager (Male) |
| 6:33 | Investigar | Feudal Age |
| 6:35 | Investigar | Loom |
| 7:00 | Construir | House |
| 7:38 | Construir | Barracks |
| 8:26 | Crear | Villager (Male) |
| 8:36 | Construir | House |
| 8:54 | Crear | Villager (Male) |
| 8:56 | Edad | Edad Feudal |
| 9:00 | Construir | Stable |
| 9:04 | Investigar | Double-Bit Axe |
| 9:31 | Construir | Stone Wall |
| 9:36 | Construir | Gate |
| 9:39 | Crear | Villager (Male) |
| 9:52 | Construir | Mining Camp |
| 9:57 | Construir | Stone Wall |
| 10:01 | Crear | Villager (Male) |
| 10:35 | Construir | Stone Wall |
| 10:38 | Crear | Villager (Male) |
| 10:40 | Investigar | Horse Collar |
| 10:40 | Investigar | Horse Collar |
| 10:58 | Construir | Stone Wall |
| 11:08 | Crear | Villager (Male) |
| 11:12 | Construir | Farm |
| 11:35 | Crear | Villager (Male) |
| 11:37 | Construir | Farm |
| 11:47 | Crear | Villager (Male) |
| 11:51 | Construir | Farm |
| 12:18 | Crear | Villager (Male) |
| 12:19 | Construir | Farm |
| 12:24 | Construir | Farm |
| 12:35 | Construir | Stone Wall |
| 12:45 | Construir | Stone Wall |
| 12:45 | Construir | Stone Wall |
| 12:48 | Construir | Stone Wall |
| 12:51 | Construir | Stone Wall |
| 12:55 | Construir | Stone Wall |
| 13:03 | Construir | Farm |
| 13:03 | Crear | Villager (Male) |
| 13:13 | Construir | Farm |
| 13:19 | Crear | Villager (Male) |
| 13:38 | Crear | Villager (Male) |
| 13:39 | Construir | Farm |
| 14:01 | Construir | Market |
| 14:08 | Crear | Villager (Male) |
| 14:37 | Construir | Farm |
| 14:50 | Investigar | Castle Age |
| 15:04 | Construir | Stone Wall |
| 15:06 | Construir | Stone Wall |
| 15:06 | Construir | Stone Wall |
| 15:36 | Crear | Villager (Male) |
| 15:57 | Construir | House |
| 15:58 | Construir | House |
| 15:59 | Construir | House |
| 16:00 | Construir | House |
| 16:25 | Crear | Villager (Male) |
| 16:54 | Crear | Villager (Male) |
| 17:27 | Crear | Villager (Male) |
| 17:30 | Edad | Edad de los Castillos |
| 17:30 | Investigar | Bow Saw |
| 17:31 | Investigar | Bow Saw |
| 17:34 | Construir | Town Center |
| 17:38 | Construir | Town Center |
| 18:00 | Crear | Villager (Male) |
| 18:15 | Crear | Villager (Male) |
| 18:16 | Crear | Villager (Male) |
| 18:33 | Crear | Villager (Male) |
| 18:43 | Construir | Farm |
| 18:47 | Construir | Farm |
| 18:48 | Construir | Farm |
| 18:51 | Construir | Farm |
| 18:52 | Construir | Farm |
| 18:55 | Crear | Villager (Male) |
| 18:56 | Crear | Villager (Male) |
| 19:05 | Crear | Villager (Male) |
| 19:08 | Crear | Villager (Male) |
| 19:08 | Crear | Villager (Male) |
| 19:29 | Crear | Villager (Male) |
| 19:43 | Crear | Villager (Male) |
| 19:49 | Construir | Town Center |
| 19:55 | Crear | Villager (Male) |
| 20:01 | Construir | Farm |
| 20:10 | Crear | Villager (Male) |
| 20:20 | Construir | Farm |
| 20:31 | Crear | Villager (Male) |
| 20:35 | Construir | Stable |
| 20:41 | Construir | Stable |
| 20:44 | Construir | Blacksmith |
| 20:45 | Crear | Villager (Male) |
| 20:45 | Crear | Villager (Male) |
| 20:46 | Crear | Villager (Male) |
| 20:47 | Crear | Villager (Male) |
| 20:59 | Crear | Villager (Male) |
| 21:00 | Crear | Villager (Male) |
| 21:01 | Crear | Villager (Male) |
| 21:05 | Construir | Lumber Camp |
| 21:14 | Construir | Farm |
| 21:17 | Construir | Farm |
| 21:23 | Construir | Farm |
| 21:25 | Crear | Villager (Male) |
| 21:26 | Crear | Villager (Male) |
| 21:34 | Construir | Farm |
| 21:36 | Construir | Farm |
| 21:44 | Construir | House |
| 21:48 | Crear | Villager (Male) |
| 21:49 | Crear | Villager (Male) |
| 22:01 | Crear | Villager (Male) |
| 22:04 | Crear | Villager (Male) |
| 22:10 | Construir | Farm |
| 22:12 | Crear | Villager (Male) |
| 22:20 | Crear | Villager (Male) |
| 22:24 | Construir | Siege Workshop |
| 22:29 | Crear | Villager (Male) |
| 22:33 | Construir | Farm |
| 22:37 | Construir | Farm |
| 22:43 | Crear | Villager (Male) |
| 22:49 | Crear | Villager (Male) |
| 22:51 | Crear | Villager (Male) |
| 22:54 | Crear | Villager (Male) |
| 22:55 | Construir | Farm |
| 22:56 | Construir | Farm |
| 22:59 | Construir | Lumber Camp |
Build order — Baldeitus
Primeras 150 de 676 acciones detectadas
| 0:01 | Crear | Villager (Male) |
| 0:02 | Construir | House |
| 0:03 | Construir | House |
| 0:06 | Crear | Villager (Male) |
| 0:06 | Crear | Villager (Male) |
| 0:08 | Crear | Villager (Male) |
| 0:09 | Crear | Villager (Male) |
| 1:23 | Crear | Villager (Male) |
| 1:50 | Crear | Villager (Male) |
| 1:50 | Crear | Villager (Male) |
| 1:52 | Construir | Lumber Camp |
| 2:27 | Crear | Villager (Male) |
| 2:48 | Crear | Villager (Male) |
| 2:48 | Crear | Villager (Male) |
| 3:00 | Construir | House |
| 3:02 | Crear | Villager (Male) |
| 3:02 | Crear | Villager (Male) |
| 3:40 | Crear | Villager (Male) |
| 3:40 | Crear | Villager (Male) |
| 3:44 | Crear | Villager (Male) |
| 3:44 | Crear | Villager (Male) |
| 3:56 | Construir | House |
| 4:03 | Crear | Villager (Male) |
| 4:03 | Crear | Villager (Male) |
| 4:33 | Crear | Villager (Male) |
| 4:43 | Crear | Villager (Male) |
| 5:09 | Crear | Villager (Male) |
| 5:10 | Crear | Villager (Male) |
| 5:11 | Construir | Mill |
| 5:18 | Construir | Palisade Wall |
| 5:20 | Construir | Palisade Wall |
| 5:22 | Crear | Villager (Male) |
| 5:33 | Construir | Mill |
| 5:41 | Crear | Villager (Male) |
| 5:42 | Crear | Villager (Male) |
| 6:00 | Crear | Villager (Male) |
| 6:00 | Crear | Villager (Male) |
| 6:16 | Investigar | Loom |
| 6:16 | Investigar | Loom |
| 6:35 | Crear | Villager (Male) |
| 7:03 | Crear | Villager (Male) |
| 7:29 | Investigar | Feudal Age |
| 7:30 | Investigar | Feudal Age |
| 7:54 | Construir | House |
| 8:24 | Construir | Barracks |
| 8:54 | Construir | Palisade Wall |
| 9:01 | Crear | Villager (Male) |
| 9:29 | Construir | Mining Camp |
| 9:32 | Crear | Villager (Male) |
| 9:41 | Edad | Edad Feudal |
| 9:41 | Construir | House |
| 9:42 | Crear | Villager (Male) |
| 9:43 | Investigar | Double-Bit Axe |
| 9:53 | Crear | Villager (Male) |
| 10:01 | Investigar | Horse Collar |
| 10:04 | Crear | Villager (Male) |
| 10:04 | Crear | Villager (Male) |
| 10:05 | Crear | Villager (Male) |
| 10:05 | Crear | Villager (Male) |
| 10:14 | Construir | House |
| 10:15 | Construir | House |
| 10:16 | Crear | Villager (Male) |
| 10:36 | Construir | Farm |
| 10:47 | Crear | Villager (Male) |
| 10:52 | Construir | House |
| 10:52 | Construir | House |
| 10:57 | Crear | Villager (Male) |
| 11:13 | Construir | House |
| 11:43 | Construir | Stable |
| 12:19 | Construir | Farm |
| 12:33 | Crear | Villager (Male) |
| 12:47 | Construir | Blacksmith |
| 12:50 | Construir | Farm |
| 13:16 | Construir | Farm |
| 13:26 | Construir | Farm |
| 13:35 | Construir | House |
| 13:37 | Construir | House |
| 13:38 | Construir | House |
| 14:00 | Construir | Farm |
| 14:01 | Construir | Farm |
| 14:11 | Crear | Villager (Male) |
| 14:14 | Construir | Farm |
| 14:47 | Investigar | Castle Age |
| 14:48 | Investigar | Castle Age |
| 14:48 | Investigar | Castle Age |
| 15:05 | Construir | House |
| 15:06 | Construir | House |
| 15:07 | Construir | House |
| 15:08 | Construir | House |
| 15:18 | Construir | Farm |
| 15:19 | Construir | Farm |
| 15:21 | Construir | Farm |
| 16:16 | Construir | Mining Camp |
| 16:28 | Crear | Villager (Male) |
| 16:48 | Crear | Villager (Male) |
| 16:54 | Investigar | Bloodlines |
| 16:55 | Investigar | Bloodlines |
| 16:56 | Crear | Villager (Male) |
| 17:16 | Crear | Villager (Male) |
| 17:27 | Edad | Edad de los Castillos |
| 17:37 | Crear | Villager (Male) |
| 17:38 | Crear | Knight |
| 17:38 | Crear | Villager (Male) |
| 17:41 | Construir | Town Center |
| 17:41 | Crear | Villager (Male) |
| 17:47 | Construir | Town Center |
| 17:55 | Crear | Knight |
| 18:00 | Crear | Villager (Male) |
| 18:05 | Crear | Villager (Male) |
| 18:12 | Investigar | Bow Saw |
| 18:12 | Investigar | Bow Saw |
| 18:13 | Crear | Villager (Male) |
| 18:30 | Crear | Villager (Male) |
| 18:30 | Crear | Villager (Male) |
| 18:30 | Crear | Villager (Male) |
| 18:31 | Crear | Villager (Male) |
| 18:31 | Crear | Villager (Male) |
| 18:37 | Crear | Villager (Male) |
| 18:39 | Construir | Farm |
| 18:44 | Crear | Villager (Male) |
| 18:44 | Crear | Villager (Male) |
| 18:44 | Crear | Villager (Male) |
| 18:47 | Crear | Villager (Male) |
| 18:49 | Construir | Farm |
| 19:05 | Crear | Villager (Male) |
| 19:05 | Crear | Villager (Male) |
| 19:16 | Crear | Villager (Male) |
| 19:16 | Crear | Villager (Male) |
| 19:27 | Crear | Villager (Male) |
| 19:27 | Crear | Villager (Male) |
| 19:42 | Construir | Market |
| 19:49 | Crear | Villager (Male) |
| 19:50 | Crear | Villager (Male) |
| 19:54 | Crear | Villager (Male) |
| 19:55 | Crear | Villager (Male) |
| 20:06 | Crear | Villager (Male) |
| 20:11 | Construir | Farm |
| 20:13 | Construir | Farm |
| 20:18 | Crear | Villager (Male) |
| 20:19 | Crear | Villager (Male) |
| 20:27 | Construir | Farm |
| 20:28 | Crear | Villager (Male) |
| 20:28 | Crear | Villager (Male) |
| 20:38 | Crear | Villager (Male) |
| 20:38 | Crear | Villager (Male) |
| 20:39 | Crear | Villager (Male) |
| 20:39 | Crear | Villager (Male) |
| 20:40 | Crear | Villager (Male) |
| 20:41 | Crear | Villager (Male) |
| 20:53 | Crear | Villager (Male) |
Build order — Oni.TaToH
Primeras 150 de 646 acciones detectadas
| 0:02 | Crear | Villager (Male) ×4 |
| 0:02 | Crear | Villager (Male) ×4 |
| 0:03 | Construir | House |
| 0:04 | Construir | House |
| 1:28 | Crear | Villager (Male) |
| 1:53 | Crear | Villager (Male) |
| 1:54 | Construir | Settlement |
| 2:19 | Crear | Villager (Male) |
| 2:44 | Crear | Villager (Male) |
| 3:01 | Crear | Villager (Male) |
| 3:01 | Crear | Villager (Male) |
| 3:25 | Crear | Villager (Male) |
| 4:05 | Construir | Palisade Wall |
| 4:06 | Crear | Villager (Male) |
| 4:12 | Crear | Villager (Male) |
| 4:12 | Crear | Villager (Male) |
| 4:54 | Crear | Villager (Male) |
| 4:57 | Construir | Palisade Wall |
| 5:25 | Construir | Settlement |
| 5:32 | Crear | Villager (Male) |
| 5:57 | Crear | Villager (Male) |
| 6:23 | Crear | Villager (Male) |
| 6:34 | Crear | Villager (Male) |
| 6:46 | Crear | Villager (Male) |
| 7:22 | Construir | Farm |
| 7:37 | Investigar | Feudal Age |
| 8:58 | Construir | Farm |
| 9:28 | Crear | Villager (Male) |
| 9:28 | Crear | Villager (Male) |
| 10:07 | Edad | Edad Feudal |
| 10:08 | Construir | Blacksmith |
| 10:14 | Construir | Market |
| 10:53 | Construir | Settlement |
| 11:03 | Investigar | Castle Age |
| 11:20 | Investigar | Double-Bit Axe |
| 11:54 | Investigar | Horse Collar |
| 11:54 | Investigar | Horse Collar |
| 12:01 | Construir | Farm |
| 12:05 | Construir | Farm |
| 12:21 | Construir | Farm |
| 12:24 | Construir | Farm |
| 13:40 | Crear | Villager (Male) |
| 13:43 | Edad | Edad de los Castillos |
| 13:44 | Construir | Town Center |
| 13:48 | Construir | Town Center |
| 13:51 | Crear | Villager (Male) |
| 14:20 | Investigar | Bow Saw |
| 14:23 | Crear | Villager (Male) |
| 14:45 | Crear | Villager (Male) |
| 14:47 | Construir | Farm |
| 15:00 | Construir | Farm |
| 15:04 | Crear | Villager (Male) |
| 15:10 | Construir | Farm |
| 15:19 | Crear | Villager (Male) |
| 15:21 | Construir | Farm |
| 15:24 | Construir | Farm |
| 15:30 | Crear | Villager (Male) |
| 15:34 | Crear | Villager (Male) |
| 15:44 | Crear | Villager (Male) |
| 15:47 | Construir | Farm |
| 15:51 | Crear | Villager (Male) |
| 15:58 | Construir | House |
| 15:59 | Investigar | Loom |
| 16:03 | Construir | Farm |
| 16:07 | Construir | House |
| 16:10 | Crear | Villager (Male) |
| 16:12 | Crear | Villager (Male) |
| 16:21 | Crear | Villager (Male) |
| 16:24 | Construir | Farm |
| 16:25 | Construir | Farm |
| 16:28 | Crear | Villager (Male) |
| 16:39 | Crear | Villager (Male) |
| 16:40 | Crear | Villager (Male) |
| 16:44 | Construir | Outpost |
| 16:44 | Construir | Outpost |
| 17:00 | Crear | Villager (Male) |
| 17:02 | Crear | Villager (Male) |
| 17:08 | Crear | Villager (Male) |
| 17:11 | Construir | Farm |
| 17:18 | Crear | Villager (Male) |
| 17:19 | Construir | Farm |
| 17:20 | Construir | Farm |
| 17:31 | Crear | Villager (Male) |
| 17:33 | Crear | Villager (Male) |
| 17:37 | Construir | Farm |
| 17:40 | Construir | House |
| 17:41 | Construir | House |
| 17:48 | Crear | Villager (Male) |
| 17:50 | Crear | Villager (Male) |
| 18:01 | Crear | Villager (Male) |
| 18:07 | Crear | Villager (Male) |
| 18:13 | Crear | Villager (Male) |
| 18:23 | Crear | Villager (Male) |
| 18:23 | Crear | Villager (Male) |
| 18:34 | Construir | Town Center |
| 18:36 | Crear | Villager (Male) |
| 18:40 | Construir | House |
| 18:50 | Construir | Farm |
| 18:50 | Crear | Villager (Male) |
| 18:51 | Construir | Farm |
| 18:54 | Crear | Villager (Male) |
| 18:55 | Construir | Farm |
| 18:56 | Crear | Villager (Male) |
| 18:58 | Construir | Farm |
| 18:59 | Construir | Farm |
| 19:06 | Construir | Farm |
| 19:14 | Crear | Villager (Male) |
| 19:16 | Construir | House |
| 19:22 | Crear | Villager (Male) |
| 19:24 | Construir | House |
| 19:32 | Crear | Villager (Male) |
| 19:33 | Construir | Farm |
| 19:33 | Construir | Farm |
| 19:38 | Crear | Villager (Male) |
| 19:41 | Construir | Farm |
| 19:43 | Construir | Farm |
| 19:44 | Crear | Villager (Male) |
| 19:53 | Construir | Outpost |
| 19:54 | Investigar | Town Watch |
| 19:57 | Crear | Villager (Male) |
| 20:00 | Construir | Farm |
| 20:04 | Construir | Outpost |
| 20:05 | Crear | Villager (Male) |
| 20:12 | Crear | Villager (Male) |
| 20:19 | Construir | Gate |
| 20:20 | Crear | Villager (Male) |
| 20:29 | Crear | Villager (Male) |
| 20:30 | Crear | Villager (Male) |
| 20:30 | Crear | Villager (Male) |
| 20:34 | Construir | Farm |
| 20:36 | Crear | Villager (Male) |
| 20:37 | Construir | Farm |
| 20:47 | Construir | Outpost |
| 20:48 | Crear | Villager (Male) |
| 20:51 | Crear | Villager (Male) |
| 20:53 | Crear | Villager (Male) |
| 20:56 | Construir | House |
| 20:56 | Construir | House |
| 21:00 | Crear | Villager (Male) |
| 21:10 | Crear | Villager (Male) |
| 21:12 | Investigar | Gold Mining |
| 21:14 | Investigar | Heavy Plow |
| 21:19 | Construir | Settlement |
| 21:20 | Construir | Farm |
| 21:21 | Construir | Farm |
| 21:21 | Construir | Farm |
| 21:23 | Crear | Villager (Male) |
| 21:32 | Crear | Villager (Male) |
| 21:32 | Crear | Villager (Male) |
| 21:45 | Construir | Settlement |
Build order — Milldeitus
Primeras 150 de 599 acciones detectadas
| 0:01 | Crear | Villager (Male) |
| 0:02 | Crear | Villager (Male) |
| 0:02 | Construir | House |
| 0:04 | Construir | House |
| 0:09 | Crear | Villager (Male) |
| 0:09 | Crear | Villager (Male) |
| 1:23 | Crear | Villager (Male) |
| 1:23 | Crear | Villager (Male) |
| 1:56 | Crear | Villager (Male) |
| 1:56 | Crear | Villager (Male) |
| 2:08 | Crear | Villager (Male) |
| 2:09 | Crear | Villager (Male) |
| 2:09 | Crear | Villager (Male) |
| 2:11 | Construir | Lumber Camp |
| 2:30 | Crear | Villager (Male) |
| 2:31 | Crear | Villager (Male) |
| 2:31 | Crear | Villager (Male) |
| 2:46 | Crear | Villager (Male) |
| 2:46 | Crear | Villager (Male) |
| 3:13 | Crear | Villager (Male) |
| 3:13 | Crear | Villager (Male) |
| 3:13 | Crear | Villager (Male) |
| 3:23 | Crear | Villager (Male) |
| 3:23 | Crear | Villager (Male) |
| 3:49 | Construir | House |
| 3:56 | Crear | Villager (Male) |
| 3:57 | Crear | Villager (Male) |
| 4:09 | Crear | Villager (Male) |
| 4:09 | Crear | Villager (Male) |
| 4:30 | Crear | Villager (Male) |
| 4:30 | Crear | Villager (Male) |
| 4:30 | Crear | Villager (Male) |
| 5:03 | Crear | Villager (Male) |
| 5:03 | Crear | Villager (Male) |
| 5:31 | Construir | House |
| 5:32 | Construir | House |
| 5:57 | Construir | Mill |
| 6:00 | Crear | Villager (Male) |
| 6:15 | Investigar | Loom |
| 6:22 | Crear | Villager (Male) |
| 6:57 | Construir | Mining Camp |
| 7:14 | Crear | Villager (Male) |
| 7:22 | Construir | Palisade Wall |
| 7:26 | Construir | Palisade Wall |
| 7:27 | Construir | Palisade Wall |
| 7:37 | Crear | Villager (Male) |
| 7:53 | Construir | Palisade Wall |
| 7:54 | Construir | Palisade Wall |
| 8:18 | Crear | Villager (Male) |
| 8:18 | Crear | Villager (Male) |
| 8:59 | Construir | Barracks |
| 8:59 | Crear | Villager (Male) |
| 9:13 | Investigar | Feudal Age |
| 9:13 | Investigar | Feudal Age |
| 10:44 | Crear | Villager (Male) |
| 11:06 | Construir | House |
| 11:09 | Construir | House |
| 11:46 | Edad | Edad Feudal |
| 11:49 | Construir | Archery Range |
| 11:50 | Crear | Villager (Male) |
| 11:51 | Construir | Blacksmith |
| 12:09 | Investigar | Double-Bit Axe |
| 12:29 | Investigar | Castle Age |
| 12:29 | Investigar | Castle Age |
| 12:29 | Investigar | Castle Age |
| 12:34 | Crear | Archer |
| 12:34 | Crear | Archer |
| 12:35 | Crear | Archer |
| 12:47 | Investigar | Horse Collar |
| 12:47 | Investigar | Horse Collar |
| 13:01 | Construir | Farm |
| 13:02 | Construir | Farm |
| 13:05 | Construir | Farm |
| 13:06 | Construir | Farm |
| 13:11 | Construir | Farm |
| 13:14 | Construir | Farm |
| 13:52 | Crear | Archer |
| 14:21 | Crear | Villager (Male) |
| 14:37 | Crear | Archer |
| 14:56 | Crear | Archer |
| 15:12 | Crear | Archer |
| 15:12 | Crear | Archer |
| 15:17 | Edad | Edad de los Castillos |
| 15:19 | Construir | Town Center |
| 15:20 | Investigar | Bow Saw |
| 15:20 | Investigar | Bow Saw |
| 15:26 | Construir | Town Center |
| 15:33 | Crear | Villager (Male) |
| 15:37 | Construir | Farm |
| 15:42 | Construir | Market |
| 15:44 | Crear | Villager (Male) |
| 15:53 | Crear | Archer |
| 16:15 | Crear | Villager (Male) |
| 16:19 | Investigar | Wheelbarrow |
| 16:19 | Investigar | Wheelbarrow |
| 16:32 | Crear | Villager (Male) |
| 16:32 | Crear | Villager (Male) |
| 16:35 | Construir | Farm |
| 16:36 | Construir | Farm |
| 16:40 | Crear | Archer |
| 16:49 | Crear | Villager (Male) |
| 16:49 | Crear | Villager (Male) |
| 16:57 | Construir | Farm |
| 17:08 | Crear | Villager (Male) |
| 17:08 | Crear | Villager (Male) |
| 17:11 | Construir | Farm |
| 17:23 | Crear | Villager (Male) |
| 17:23 | Crear | Villager (Male) |
| 17:25 | Construir | Farm |
| 17:32 | Construir | House |
| 17:33 | Construir | House |
| 17:34 | Construir | House |
| 17:36 | Crear | Villager (Male) |
| 17:36 | Crear | Villager (Male) |
| 17:45 | Crear | Villager (Male) |
| 17:45 | Crear | Villager (Male) |
| 17:47 | Construir | Farm |
| 18:04 | Crear | Villager (Male) |
| 18:04 | Crear | Villager (Male) |
| 18:10 | Construir | Farm |
| 18:27 | Crear | Villager (Male) |
| 18:27 | Crear | Villager (Male) |
| 18:35 | Investigar | Fletching |
| 18:35 | Investigar | Fletching |
| 18:35 | Crear | Villager (Male) |
| 18:35 | Crear | Villager (Male) |
| 18:36 | Crear | Villager (Male) |
| 18:38 | Construir | Farm |
| 18:39 | Crear | Villager (Male) |
| 18:40 | Crear | Villager (Male) |
| 18:40 | Crear | Villager (Male) |
| 18:42 | Construir | Farm |
| 18:51 | Crear | Villager (Male) |
| 18:55 | Crear | Villager (Male) |
| 18:55 | Crear | Villager (Male) |
| 18:56 | Crear | Villager (Male) |
| 19:08 | Construir | Farm |
| 19:11 | Crear | Villager (Male) |
| 19:22 | Investigar | Bodkin Arrow |
| 19:22 | Investigar | Bodkin Arrow |
| 19:22 | Investigar | Bodkin Arrow |
| 19:24 | Crear | Villager (Male) |
| 19:25 | Crear | Villager (Male) |
| 19:29 | Construir | Farm |
| 19:30 | Construir | Farm |
| 19:31 | Construir | Farm |
| 19:37 | Crear | Villager (Male) |
| 19:37 | Crear | Villager (Male) |
| 19:37 | Crear | Villager (Male) |
| 19:41 | Construir | Farm |
Cronología de la partida
| 4:05 | Oni.TaToH · wall_segment Palisade Wall x6 |
| 4:41 | MDkaiserotto · wall_segment Palisade Wall x7 |
| 4:57 | Oni.TaToH · wall_segment Palisade Wall x14 |
| 5:00 | VN_DarK_KnighT_ · wall_segment Palisade Wall x6 |
| 5:14 | RoR | Carnage_ · wall_segment Palisade Wall x6 |
| 5:18 | Baldeitus · wall_segment Palisade Wall x12 |
| 5:20 | Baldeitus · wall_segment Palisade Wall x9 |
| 6:03 | MDkaiserotto · wall_segment Palisade Wall x6 |
| 6:17 | RoR | Carnage_ · wall_segment Palisade Wall x7 |
| 6:20 | Mo_Tastic · first_building Barracks |
| 6:21 | VN_DarK_KnighT_ · wall_segment Palisade Wall x8 |
| 6:23 | Mo_Tastic · wall_segment Palisade Wall x4 |
| 6:25 | VN_DarK_KnighT_ · wall_segment Palisade Wall x5 |
| 6:27 | Mo_Tastic · wall_segment Palisade Wall x12 |
| 6:44 | MDkaiserotto · wall_segment Palisade Wall x12 |
| 6:46 | RoR | Carnage_ · wall_segment Palisade Wall x8 |
| 6:50 | MDkaiserotto · wall_segment Palisade Wall x5 |
| 6:51 | VN_DarK_KnighT_ · wall_segment Palisade Wall x8 |
| 6:51 | MDkaiserotto · wall_segment Palisade Wall x3 |
| 6:53 | MDkaiserotto · wall_segment Palisade Wall x1 |
| 6:54 | RoR | Carnage_ · wall_segment Palisade Wall x6 |
| 7:07 | MDkaiserotto · wall_segment Palisade Wall x21 |
| 7:22 | Milldeitus · wall_segment Palisade Wall x4 |
| 7:26 | Milldeitus · wall_segment Palisade Wall x1 |
| 7:27 | Milldeitus · wall_segment Palisade Wall x1 |
| 7:30 | VN_DarK_KnighT_ · wall_segment Palisade Wall x1 |
| 7:38 | VN_MiLLeNcOlin · first_building Barracks |
| 7:45 | VN_DarK_KnighT_ · wall_segment Palisade Wall x2 |
| 7:53 | Milldeitus · wall_segment Palisade Wall x1 |
| 7:54 | Milldeitus · wall_segment Palisade Wall x1 |
| 7:57 | RoR | Carnage_ · wall_segment Palisade Wall x6 |
| 8:20 | RoR | Carnage_ · wall_segment Palisade Wall x6 |
| 8:24 | Baldeitus · first_building Barracks |
| 8:54 | Baldeitus · wall_segment Palisade Wall x1 |
| 8:56 | VN_MiLLeNcOlin · age_up feudal |
| 8:59 | Milldeitus · first_building Barracks |
| 9:00 | VN_MiLLeNcOlin · first_building Stable |
| 9:31 | VN_MiLLeNcOlin · wall_segment Stone Wall x12 |
| 9:41 | Baldeitus · age_up feudal |
| 9:57 | VN_MiLLeNcOlin · wall_segment Stone Wall x12 |
| 10:07 | Oni.TaToH · age_up feudal |
| 10:08 | VN_DarK_KnighT_ · age_up feudal |
| 10:35 | VN_MiLLeNcOlin · wall_segment Stone Wall x9 |
| 10:58 | VN_MiLLeNcOlin · wall_segment Stone Wall x2 |
| 10:58 | Mo_Tastic · age_up feudal |
| 10:59 | RoR | Carnage_ · age_up feudal |
| 11:00 | Mo_Tastic · first_building Archery Range |
| 11:43 | Baldeitus · first_building Stable |
| 11:45 | Mo_Tastic · wall_segment Palisade Wall x3 |
| 11:46 | MDkaiserotto · age_up feudal |
| 11:46 | Milldeitus · age_up feudal |
| 11:49 | Milldeitus · first_building Archery Range |
| 11:51 | RoR | Carnage_ · first_market_buy 100 food |
| 11:52 | RoR | Carnage_ · first_market_sell 100 stone |
| 12:06 | RoR | Carnage_ · wall_segment Palisade Wall x1 |
| 12:10 | RoR | Carnage_ · wall_segment Palisade Wall x1 |
| 12:35 | VN_MiLLeNcOlin · wall_segment Stone Wall x8 |
| 12:45 | VN_MiLLeNcOlin · wall_segment Stone Wall x1 |
| 12:45 | VN_MiLLeNcOlin · wall_segment Stone Wall x1 |
| 12:48 | VN_MiLLeNcOlin · wall_segment Stone Wall x6 |
| 12:51 | VN_MiLLeNcOlin · wall_segment Stone Wall x1 |
| 12:55 | VN_MiLLeNcOlin · wall_segment Stone Wall x4 |
| 13:06 | Mo_Tastic · wall_segment Stone Wall x1 |
| 13:07 | Mo_Tastic · wall_segment Stone Wall x1 |
| 13:08 | Mo_Tastic · wall_segment Stone Wall x1 |
| 13:15 | VN_DarK_KnighT_ · wall_segment Palisade Wall x2 |
| 13:16 | VN_DarK_KnighT_ · wall_segment Palisade Wall x3 |
| 13:33 | MDkaiserotto · wall_segment Stone Wall x1 |
| 13:33 | MDkaiserotto · wall_segment Stone Wall x1 |
| 13:34 | MDkaiserotto · wall_segment Stone Wall x1 |
| 13:35 | MDkaiserotto · wall_segment Stone Wall x1 |
| 13:37 | MDkaiserotto · wall_segment Stone Wall x5 |
| 13:38 | MDkaiserotto · wall_segment Stone Wall x5 |
| 13:42 | MDkaiserotto · wall_segment Stone Wall x5 |
| 13:43 | Oni.TaToH · age_up castle |
| 13:48 | MDkaiserotto · wall_segment Stone Wall x1 |
| 13:49 | MDkaiserotto · wall_segment Stone Wall x1 |
| 13:50 | MDkaiserotto · wall_segment Stone Wall x1 |
| 13:51 | MDkaiserotto · wall_segment Stone Wall x1 |
| 13:51 | MDkaiserotto · wall_segment Stone Wall x1 |
| 13:55 | MDkaiserotto · wall_segment Stone Wall x1 |
| 13:55 | MDkaiserotto · wall_segment Stone Wall x1 |
| 13:56 | MDkaiserotto · wall_segment Stone Wall x1 |
| 13:56 | MDkaiserotto · wall_segment Stone Wall x1 |
| 13:59 | MDkaiserotto · wall_segment Stone Wall x1 |
| 14:28 | Mo_Tastic · age_up castle |
| 14:38 | RoR | Carnage_ · age_up castle |
| 14:43 | VN_MiLLeNcOlin · first_market_sell 100 stone |
| 14:46 | RoR | Carnage_ · first_building Castle |
| 15:04 | VN_MiLLeNcOlin · wall_segment Stone Wall x1 |
| 15:06 | VN_MiLLeNcOlin · wall_segment Stone Wall x1 |
| 15:06 | VN_MiLLeNcOlin · wall_segment Stone Wall x1 |
| 15:17 | Milldeitus · age_up castle |
| 15:31 | VN_DarK_KnighT_ · age_up castle |
| 15:32 | VN_DarK_KnighT_ · wall_segment Palisade Wall x1 |
| 15:34 | MDkaiserotto · age_up castle |
| 15:39 | MDkaiserotto · first_building Castle |
| 17:27 | Baldeitus · age_up castle |
| 17:30 | VN_MiLLeNcOlin · age_up castle |
| 17:39 | VN_DarK_KnighT_ · first_market_buy 100 food |
| 18:33 | Milldeitus · first_market_buy 100 food |
| 19:20 | Milldeitus · first_market_sell 100 wood |
| 20:38 | Baldeitus · first_market_buy 100 food |
| 21:35 | Baldeitus · first_building Castle |
| 21:38 | Baldeitus · wall_segment Stone Wall x1 |
| 21:50 | VN_DarK_KnighT_ · wall_segment Palisade Wall x1 |
| 22:24 | VN_MiLLeNcOlin · first_building Siege Workshop |
| 22:31 | VN_DarK_KnighT_ · first_building Barracks |
| 23:11 | Oni.TaToH · first_building Barracks |
| 23:17 | VN_DarK_KnighT_ · first_building Archery Range |
| 23:28 | Oni.TaToH · first_building Siege Workshop |
| 23:31 | VN_MiLLeNcOlin · first_building Castle |
| 23:38 | Mo_Tastic · first_building Siege Workshop |
| 24:38 | Milldeitus · first_building Monastery |
| 24:44 | Mo_Tastic · first_building Stable |
| 24:44 | VN_DarK_KnighT_ · first_building Siege Workshop |
| 26:23 | Baldeitus · first_market_sell 100 wood |
| 26:59 | Oni.TaToH · first_market_sell 100 wood |
| 27:00 | Milldeitus · first_building Siege Workshop |
| 27:11 | Oni.TaToH · first_building Monastery |
| 27:12 | Mo_Tastic · first_building Monastery |
| 27:15 | MDkaiserotto · first_market_sell 100 wood |
| 27:33 | MDkaiserotto · first_market_buy 100 food |
| 28:31 | Oni.TaToH · first_building Castle |
| 29:04 | MDkaiserotto · first_building Barracks |
| 29:15 | VN_DarK_KnighT_ · first_building Monastery |
| 29:17 | Milldeitus · first_building Castle |
| 29:35 | MDkaiserotto · first_building Archery Range |
| 29:39 | Oni.TaToH · wall_segment Stone Wall x31 |
| 29:51 | Oni.TaToH · wall_segment Stone Wall x24 |
| 29:52 | Oni.TaToH · wall_segment Stone Wall x1 |
| 29:53 | Oni.TaToH · wall_segment Stone Wall x1 |
| 30:46 | MDkaiserotto · age_up imperial |
| 31:06 | Oni.TaToH · age_up imperial |
| 31:12 | VN_DarK_KnighT_ · first_market_sell 100 food |
| 31:24 | Oni.TaToH · wall_segment Stone Wall x23 |
| 31:47 | VN_DarK_KnighT_ · first_building Castle |
| 31:49 | Mo_Tastic · first_building Castle |
| 32:10 | Oni.TaToH · wall_segment Stone Wall x21 |
| 32:35 | Milldeitus · age_up imperial |
| 32:51 | VN_DarK_KnighT_ · first_building Stable |
| 33:06 | VN_DarK_KnighT_ · age_up imperial |
| 33:15 | VN_MiLLeNcOlin · age_up imperial |
| 33:35 | Baldeitus · age_up imperial |
| 34:14 | RoR | Carnage_ · age_up imperial |
| 34:18 | Mo_Tastic · first_market_sell 100 food |
| 35:36 | VN_MiLLeNcOlin · wall_segment Stone Wall x1 |
| 36:07 | Oni.TaToH · wall_segment Stone Wall x1 |
| 37:29 | Mo_Tastic · age_up imperial |
| 38:10 | VN_MiLLeNcOlin · first_building Archery Range |
| 38:32 | Oni.TaToH · tribute_sent a jugador 1 |
| 38:32 | Oni.TaToH · tribute_sent a jugador 2 |
| 38:32 | Oni.TaToH · tribute_sent a jugador 3 |
| 38:32 | Oni.TaToH · tribute_sent a jugador 4 |
| 38:32 | Oni.TaToH · tribute_sent a jugador 5 |
| 38:32 | Oni.TaToH · tribute_sent a jugador 6 |
| 38:32 | Oni.TaToH · tribute_sent a jugador 8 |
| 38:37 | RoR | Carnage_ · first_building Barracks |
| 41:27 | MDkaiserotto · tribute_sent a jugador 2 |
| 41:27 | MDkaiserotto · tribute_sent a jugador 3 |
| 41:27 | MDkaiserotto · tribute_sent a jugador 4 |
| 41:27 | MDkaiserotto · tribute_sent a jugador 5 |
| 41:28 | MDkaiserotto · tribute_sent a jugador 6 |
| 41:28 | MDkaiserotto · tribute_sent a jugador 7 |
| 41:28 | MDkaiserotto · tribute_sent a jugador 8 |
| 41:46 | Milldeitus · wall_segment Stone Wall x1 |
| 43:34 | Mo_Tastic · first_market_buy 100 wood |
| 44:19 | RoR | Carnage_ · tribute_sent a jugador 1 |
| 44:19 | RoR | Carnage_ · tribute_sent a jugador 2 |
| 44:19 | RoR | Carnage_ · tribute_sent a jugador 3 |
| 44:19 | RoR | Carnage_ · tribute_sent a jugador 4 |
| 44:19 | RoR | Carnage_ · tribute_sent a jugador 6 |
| 44:19 | RoR | Carnage_ · tribute_sent a jugador 7 |
| 44:19 | RoR | Carnage_ · tribute_sent a jugador 8 |
| 45:06 | Milldeitus · wall_segment Stone Wall x1 |
| 45:07 | Milldeitus · wall_segment Stone Wall x1 |
| 46:48 | VN_MiLLeNcOlin · resign |
[ ANÁLISIS IA · 1 CRÉDITO ]
¿Qué pasó realmente en esta partida?
Wolo.gg analiza cada decisión: build order, eco, micro, errores típicos por bracket. Análisis personalizado por WhatsApp o Discord en 30 segundos.
Guía civ
Tupíes
Perfil
RoR | Carnage_